 Dungeon Sprint DCSS version 0.20-a0-1116-gaa52201 (webtiles) character file.

3695 Punjabi the Nimble (level 10, -4/172 HPs)
             Began as an Ogre Gladiator on May 8, 2017.
             Was an Elder of Makhleb.
             Slain by an 11-headed hydra (14 damage)
             ... in the Dungeon (Sprint IX: "|||||||||||||||||||||||||||||").
             The game lasted 00:02:35 (310 turns).

Punjabi the Nimble (Ogre Gladiator)                  Turns: 310, Time: 00:02:35

Health: -4/172     AC:  6    Str: 28    XL:     10   Next: 13%
Magic:  11/11      EV: 24    Int:  9    God:    Makhleb [****..]
Gold:   14         SH:  0    Dex: 18    Spells: 9/9 levels left

rFire    . . .     SeeInvis .   o - +9 sword of Zonguldrok {reap}
rCold    . . .     Gourm    .   (no shield)
rNeg     . . .     Faith    .   b - +0 robe
rPois    .         Spirit   .   c - +1 hat
rElec    .         Reflect  .   p - +1 cloak
rCorr    .         Harm     .   (gloves unavailable)
MR       +....     NoTele   +   (boots unavailable)
Stlth    ..........             (no amulet)
Regen    0.4/turn               r - +3 ring of dexterity
MPRegen  0.2/turn               (no ring)

@: agile, berserking, very quick
A: unfitting armour, tough skin 1
a: Minor Destruction, Lesser Servant of Makhleb, Major Destruction, Renounce
Religion


You were in the Dungeon.
You worshipped Makhleb.
Makhleb was greatly pleased with you.
You were not hungry.

You visited 1 branch You collected 14 gold pieces.

Inventory:

Hand Weapons
 a - a +0 flail
 e - a +0 giant spiked club
 o - the +9 sword of Zonguldrok (weapon) {reap}
   (You found it in the Dungeon)

   If a monster killed with it leaves a corpse in good enough shape, the corpse
   will be animated as a zombie friendly to the killer.
Missiles
 d - 3 throwing nets (quivered)
Armour
 b - a +0 robe (worn)
 c - a +1 hat (worn)
 p - a +1 cloak (worn)
Jewellery
 q - a +3 ring of intelligence
 r - a +3 ring of dexterity (left hand)
Wands
 n - a wand of lightning (0/15)
Scrolls
 k - 3 scrolls of blinking
 l - 3 scrolls of remove curse
 m - 2 scrolls of amnesia
 u - 4 scrolls of enchant weapon
 v - a scroll of fog
Potions
 g - 3 potions of heal wounds
 h - a potion of haste
 i - 4 potions of magic
 j - 7 potions of curing
 t - a potion of berserk rage
Comestibles
 f - a bread ration


   Skills:
 + Level 12.1 Fighting
 * Level 10.8 Long Blades
 - Level 6.8 Maces & Flails
 - Level 2.0 Throwing
 + Level 12.9 Dodging
 + Level 2.4 Evocations


You had 9 spell levels left.
You didn't know any spells.

Dungeon Overview and Level Annotations

Branches:
Dungeon (1/1)

Altars:
Cheibriados
Dithmenos
Elyvilon
Fedhas
Gozag
Hepliaklqana
Kikubaaqudgha
Makhleb
Nemelex Xobeh
Okawaru
Qazlal
Ru
Sif Muna
Trog
Uskayaw
Vehumet
Wu Jian
Xom
Yredelemnul
Zin
The Shining One
Beogh
Jiyva
Lugonu


Innate Abilities, Weirdness & Mutations

You are too large for most types of armour.
You have tough skin. (AC +1)


Message History

* * * LOW HITPOINT WARNING * * *
The ten-headed hydra misses you. The ten-headed hydra bites you.
* * * LOW HITPOINT WARNING * * *
The ten-headed hydra completely misses you. x2
The ten-headed hydra closely misses you.
The ten-headed hydra completely misses you.
The ten-headed hydra bites you.
* * * LOW HITPOINT WARNING * * *
The ten-headed hydra closely misses you.
You hack one of the ten-headed hydra's heads off!
The nine-headed hydra grows two more!
You slice the 11-headed hydra like a ripe choko!!!
The 11-headed hydra is severely wounded.
The 11-headed hydra completely misses you.
You riposte.
You slice the 11-headed hydra!!
The 11-headed hydra is almost dead.
The 11-headed hydra misses you. The 11-headed hydra barely misses you.
The 11-headed hydra misses you. x2; The 11-headed hydra barely misses you.
The 11-headed hydra bites you!
You die...

▓▓▓▓▓▓▓▓▓▓▓▓▓▓▓▓▓▓▓▓▓▓▓▓▓▓▓▓▓▓▓▓▓
....†)....'______________________
▓▓▓▓▓▓▓▓▓▓▓▓▓▓▓▓▓▓▓▓▓▓▓▓▓▓▓▓▓▓▓▓▓
.................................
▓▓▓▓▓▓▓▓▓▓▓▓▓▓▓▓▓▓▓▓▓▓▓▓▓▓▓▓▓▓▓▓▓
.'......[......'@Dth.....+
▓▓▓▓▓▓▓▓▓▓▓▓▓▓▓▓▓▓▓▓▓▓▓▓▓▓


You could see a 11-headed hydra, a crocodile and a wolf.

Vanquished Creatures
  A hydra (D)
  2 two-headed ogres (D)
  A manticore (D)
  A gargoyle (D)
  2 hippogriffs (D)
  A blink frog (D)
  A wyvern (D)
  A water moccasin (D)
  A porcupine (D)
  An orc warrior (D)
  A bullfrog (D)
  A gnoll sergeant (D)
  A scorpion (D)
  An orc wizard (D)
  An adder (D)
  An ooze (D)
  An adder skeleton (D)
  A bat skeleton (D)
  A goblin (D)
  A jackal (D)
  A kobold (D)
  A quokka (D)
  2 bats (D)
  A frilled lizard (D)
27 creatures vanquished.

Vanquished Creatures (others)
  A gnoll sergeant (D)
1 creature vanquished.

Grand Total: 28 creatures vanquished

Notes
Turn   | Place    | Note
-------+----------+-------------------------------------------
     0 | D        | Punjabi the Ogre Gladiator began the quest for the Orb.
     0 | D        | Reached XP level 1. HP: 22/22 MP: 1/1
    12 | D        | Reached XP level 2. HP: 29/31 MP: 2/2
    19 | D        | Noticed a scorpion
    25 | D        | Killed a scorpion
    25 | D        | Reached XP level 3. HP: 37/37 MP: 3/3
    25 | D        | Reached XP level 4. HP: 46/46 MP: 4/4
    29 | D        | Reached skill level 5 in Dodging
    38 | D        | Found a roughly hewn altar of Beogh.
    38 | D        | Found a snail-covered altar of Cheibriados.
    38 | D        | Found a shadowy altar of Dithmenos.
    38 | D        | Found a white marble altar of Elyvilon.
    38 | D        | Found a blossoming altar of Fedhas.
    38 | D        | Found an opulent altar of Gozag.
    39 | D        | Found a hazy altar of Hepliaklqana.
    40 | D        | Found a viscous altar of Jiyva.
    41 | D        | Found an ancient bone altar of Kikubaaqudgha.
    42 | D        | Found a corrupted altar of Lugonu.
    43 | D        | Found a burning altar of Makhleb.
    44 | D        | Found a sparkling altar of Nemelex Xobeh.
    45 | D        | Found an iron altar of Okawaru.
    46 | D        | Found a stormy altar of Qazlal.
    47 | D        | Found a sacrificial altar of Ru.
    48 | D        | Found a deep blue altar of Sif Muna.
    49 | D        | Found a bloodstained altar of Trog.
    50 | D        | Found a hide-covered altar of Uskayaw.
    51 | D        | Became a worshipper of Makhleb the Destroyer
    52 | D        | Found a radiant altar of Vehumet.
    53 | D        | Found an ornate altar of the Wu Jian Council.
    54 | D        | Found a shimmering altar of Xom.
    55 | D        | Found a basalt altar of Yredelemnul.
    56 | D        | Found a glowing silver altar of Zin.
    57 | D        | Found a glowing golden altar of the Shining One.
    96 | D        | Noticed a two-headed ogre
    96 | D        | Noticed an orc warrior
    96 | D        | Noticed a wyvern
    96 | D        | Noticed a gnoll sergeant
   102 | D        | Killed a two-headed ogre
   102 | D        | Reached skill level 5 in Long Blades
   102 | D        | Reached skill level 10 in Dodging
   102 | D        | Reached XP level 5. HP: 41/67 MP: 5/5
   102 | D        | Reached XP level 6. HP: 46/75 MP: 6/6
   102 | D        | Reached XP level 7. HP: 51/83 MP: 7/7
   104 | D        | Reached XP level 8. HP: 36/92 MP: 8/8
   107 | D        | Killed a wyvern
   107 | D        | Reached * piety under Makhleb
   115 | D        | Reached ** piety under Makhleb
   118 | D        | Noticed a two-headed ogre
   118 | D        | Noticed a manticore
   118 | D        | Noticed a gargoyle
   118 | D        | Noticed a six-headed hydra
   123 | D        | Killed a two-headed ogre
   123 | D        | Reached skill level 10 in Fighting
   128 | D        | Killed a manticore
   128 | D        | Reached skill level 1 in Evocations
   128 | D        | Reached XP level 9. HP: 52/102 MP: 9/9
   137 | D        | Killed a six-headed hydra
   137 | D        | Reached *** piety under Makhleb
   139 | D        | Killed a gargoyle
   139 | D        | Reached skill level 10 in Long Blades
   285 | D        | Noticed an eight-headed hydra
   290 | D        | Reached **** piety under Makhleb
   290 | D        | Reached XP level 10. HP: 89/115 MP: 11/11
   310 | D        | Slain by an 11-headed hydra

Vault maps used:
D:        linesprint

Skill      XL: |  1  2  3  4  5  6  7  8  9 10 |
---------------+-------------------------------+-----
Maces & Flails | 3 6 |  6.8
Dodging        | 3 4 10 12 | 12.9
Fighting       | 3 9 10 11 12 | 12.1
Long Blades    | 5 6 8 10 | 10.8
Evocations     | 1 2 |  2.4
Throwing       | |  2.0

Action                   |  1- 3 |  4- 6 |  7- 9 | 10-12 || total
-------------------------+-------+-------+-------+-------++-------
Melee: Flail             |    13 |     6 |       |       ||    19
       Double sword      |       |     5 |    22 |    11 ||    38
Evoke: Wand              |       |       |     7 |       ||     7
  Use: Potion            |     2 |     1 |     1 |     3 ||     7
       Scroll            |       |       |     2 |       ||     2
 Stab: Invisible         |       |     2 |     1 |       ||     3
Armor: Robe              |     4 |     2 |     2 |     5 ||    13
Dodge: Dodged            |     8 |     9 |    29 |    38 ||    84
       Rpst.: Double sword |       |     1 |     7 |     4 ||    12
